 Dungeon Crawl Stone Soup version 0.30-a0-778-g2ef04afb54 (webtiles) character file.

Game seed: 12874838017592431061

925 Pimp the Covert (level 7, -10/51 HPs)
             Began as a Vampire Enchanter on Feb 15, 2023.
             Was an Initiate of Okawaru.
             Mangled by an ogre
             ... wielding a +0 giant club
              (22 damage)
             ... on level 6 of the Dungeon.
             The game lasted 00:14:34 (5298 turns).

Pimp the Covert (Vampire Enchanter)                 Turns: 5298, Time: 00:14:35

Health: -10/51     AC:  3    Str:  7    XL:     7   Next: 84%
Magic:  11/11      EV: 13    Int: 19    God:    Okawaru [......]
Gold:   277        SH:  0    Dex: 15    Spells: 9/11 levels left

rFire   x . .      SeeInvis +    E - +2 dagger (spect)
rCold   + . .      Faith    .    (no shield)
rNeg    . . .      Spirit   .    b - +1 robe
rPois   .          Reflect  .    (no helmet)
rElec   .          Harm     .    (no cloak)
rCorr   .          Rampage  .    (no gloves)
Will    .....                    (no boots)
Stlth   ++++                     (no amulet)
HPRegen 0.48/turn                g - ring of flight
MPRegen 0.12/turn                k - ring of ice

@: flying, healing quickly
A: alive, fangs 3, see invisible, vampiric 2
a: Exsanguinate, Renounce Religion


You were on level 6 of the Dungeon.
You worshipped Okawaru.
Okawaru was noncommittal.
You visited 2 branches of the dungeon, and saw 7 of its levels.

You collected 372 gold pieces.
You spent 95 gold pieces at shops.

Inventory:

Hand Weapons
 a - a +1 dagger
 h - a +3 dagger
 o - a +2 short sword of speed
 E - a +2 spectral dagger (weapon)
 J - a +0 long sword
Missiles
 n - a curare-tipped dart (quivered)
 x - 2 poisoned darts
Armour
 b - a +1 robe (worn)
 K - a +3 ring mail of willpower
Magical Staves
 l - a staff of poison
Jewellery
 g - a ring of flight (left hand)
 k - a ring of ice (right hand)
 B - a ring of see invisible
Wands
 s - a wand of charming (5)
 u - a wand of mindburst (9)
 I - a wand of acid (15)
Scrolls
 e - a scroll of enchant armour
 i - a scroll of poison {unknown}
 j - a scroll of brand weapon
 m - a scroll of immolation {unknown}
 p - a scroll of noise {unknown}
 r - 5 scrolls of teleportation {unknown}
 t - a scroll of blinking {unknown}
 v - a scroll of silence {unknown}
 w - 2 scrolls of magic mapping {unknown}
 y - 4 scrolls of identify
 z - a scroll of butterflies {unknown}
 A - a scroll of fog {unknown}
 G - 2 scrolls of amnesia {unknown}
Potions
 c - 2 potions of invisibility
 d - 2 potions of cancellation {unknown}
 f - a potion of mutation {unknown}
 q - 3 potions of brilliance {unknown}
 C - a potion of heal wounds {unknown}
 D - a potion of lignification {unknown}
 F - a potion of might {unknown}
 H - 2 potions of curing {unknown}


   Skills:
 + Level 2.8 Fighting
 + Level 4.8 Short Blades
 + Level 3.8 Dodging
 + Level 8.7 Stealth
 + Level 2.8 Spellcasting
 + Level 5.9 Hexes
 + Level 1.6 Ice Magic


You had 9 spell levels left.
You knew the following spells:

 Your Spells              Type           Power      Damage    Failure   Level
a - Ensorcelled Hibernat  Hex/Ice        50%        N/A       4%          2

Your spell library contained the following spells:

 Spells                   Type           Power      Damage    Failure   Level
 Confusing Touch          Hex            25%        N/A       4%          3
 Dazzling Flash           Conj/Hex       28%        N/A       14%         3
 Portal Projectile        Hex/Tloc       28%        N/A       14%         3
 Shock                    Conj/Air       8%         1d3       16%         1
 Swiftness                Air            2%         N/A       43%         3
 Airstrike                Air            1%         2d(1-17)  83%         4
 Blade Hands              Tmut           1%         N/A       99%         5
 Tukima's Dance           Hex            Unusable   N/A       N/A         3

Dungeon Overview and Level Annotations

Branches:
Dungeon (6/15)             Temple (1/1) D:6

Altars:
Cheibriados
Dithmenos
Fedhas
Gozag
Hepliaklqana
Kikubaaqudgha
Makhleb
Okawaru
Sif Muna
Trog
Uskayaw
Vehumet
Wu Jian
Xom
Yredelemnul

Shops:
D:4 *


Innate Abilities, Weirdness & Mutations

Your natural rate of healing is accelerated.
You have razor-sharp teeth.
You have supernaturally acute eyesight. (SInv)
You are afflicted with vampirism and can become a bat while bloodless.


Message History

There is a glowing silver altar of Zin here.
There is a hide-covered altar of Uskayaw here.
There is a shimmering altar of Xom here.
There is a glowing silver altar of Zin here.
There is an iron altar of Okawaru here.
You hover solemnly before the altar of Okawaru.
Okawaru welcomes you!
Done exploring.
There is an ancient bone altar of Kikubaaqudgha here.
There is a hazy altar of Hepliaklqana here.
There is a bloodstained altar of Trog here.
There is a staircase back to the Dungeon here.
You fly upwards.
Welcome back to the Dungeon!
There is a staircase to the Ecumenical Temple here.
Unknown command.
The ogre shouts!
You hit the ogre.
The ogre is poisoned.
The ogre is lightly wounded.
You hit the ogre.
The ogre is moderately wounded.
The ogre hits you with a +0 giant club!!
The ogre attacks as you move away! The ogre barely misses you.
Found a scroll labelled NOYMOP BALYTS.
The ogre looks more healthy.
The ogre attacks as you move away! The ogre hits you with a +0 giant club!
You hit the ogre.
The ogre is poisoned.
The ogre is heavily wounded.
The ogre attacks as you move away!
The ogre closely misses you. 2 yaks come into view.
Found a ring mail.
The yak bellows! x2; You hear a bellow!
The yak gores you!
* * * LOW HITPOINT WARNING * * *
A yak comes into view.
As you read the scroll labelled MEPID ELUET, it crumbles to dust.
It is a scroll of brand weapon.
Your +2 dagger of venom acquires a faint afterimage.
E - a +2 spectral dagger (weapon)
The yak barely misses you.
The ogre hits you with a +0 giant club!!
You die...

#..# #... #.. #[.#
... ..# #?# Y.#
#.# #Y# #.# #Y#
#.# ####
#@####.##### ##...
#.O........###....
######.###.>#.....
#.####.......
#............
##.####.##...
#..P#...#P..
##....>....#
##P#...#P##


You could see 3 yaks and an ogre (very poisoned).

Vanquished Creatures
  Grinder (D:5)
  2 ice beasts (D:5)
  4 scorpions
  A howler monkey (D:4)
  An orc priest (D:5)
  Terence (D:2)
  2 iguanas
  3 gnolls (D:3)
  2 adders
  2 shadow imps
  An ufetubus (D:4)
  3 worms (D:2)
  2 dart slugs
  7 orcs
  3 ball pythons
  10 bats
  8 endoplasms
  2 giant cockroaches
  10 goblins
  7 hobgoblins
  3 quokkas
  4 frilled lizards
  4 kobolds
  5 rats
88 creatures vanquished.

Vanquished Creatures (others)
  2 plants (D:6)
2 creatures vanquished.

Grand Total: 90 creatures vanquished

Notes
Turn   | Place    | Note
-------+----------+-------------------------------------------
     0 | D:1      | Pimp the Vampire Enchanter began the quest for the Orb.
     0 | D:1      | Reached XP level 1. HP: 13/13 MP: 3/3
   106 | D:1      | Reached XP level 2. HP: 15/19 MP: 5/5
   346 | D:1      | Reached skill level 5 in Hexes
   397 | D:1      | Reached skill level 5 in Stealth
   479 | D:1      | Learned a level 2 spell: Ensorcelled Hibernation
   583 | D:1      | Gained mutation: You are afflicted with vampirism and can
                  | become a bat while bloodless. [Vampire growth]
   583 | D:1      | Reached XP level 3. HP: 24/24 MP: 6/6
   969 | D:2      | Noticed Terence
  1006 | D:2      | Killed Terence
  1163 | D:2      | Reached XP level 4. HP: 20/30 MP: 7/7
  1504 | D:2      | Reached skill level 6 in Stealth
  1971 | D:3      | Reached skill level 1 in Fighting
  2981 | D:4      | Noticed a scorpion
  2989 | D:4      | Found Kitalacuas's General Store.
  2999 | D:4      | Bought a scroll of identify for 20 gold pieces
  2999 | D:4      | Bought a scroll of enchant weapon for 75 gold pieces
  3025 | D:4      | Reached XP level 5. HP: 37/37 MP: 8/8
  4140 | D:4      | Reached skill level 1 in Ice Magic
  4188 | D:4      | Reached XP level 6. HP: 38/44 MP: 9/9
  4306 | D:5      | Entered Level 5 of the Dungeon
  4312 | D:5      | Reached skill level 7 in Stealth
  4373 | D:5      | Noticed an ice beast
  4377 | D:5      | Killed an ice beast
  4500 | D:5      | Noticed an ice beast
  4504 | D:5      | Killed an ice beast
  4505 | D:5      | Reached XP level 7. HP: 51/51 MP: 9/11
  4939 | D:5      | Noticed Grinder
  4942 | D:5      | Killed Grinder
  4943 | D:5      | Reached skill level 8 in Stealth
  5180 | D:6      | Found a staircase to the Ecumenical Temple.
  5212 | Temple   | Entered the Ecumenical Temple
  5263 | Temple   | Became a worshipper of Warmaster Okawaru
  5296 | D:6      | Noticed a yak
  5296 | D:6      | Noticed a yak
  5297 | D:6      | Noticed a yak
  5298 | D:6      | Mangled by an ogre

Illustrated notes

Levels and vault maps discovered:
D:1:      sevenhm_arrival_forest_fort_small_5, layout_loops_ring
D:2:      layout_loops_ring, serial_co_window_serial, co_window_corner_a,
          co_window_paths_a, co_window_paths_b, co_window_paths_a,
          co_window_corner_a, co_window_corner_a, co_window_paths_b,
          co_window_broadway_a, co_window_corner_b, co_window_broadway_b,
          glass_columns_b, glass_columns_b, glass_columns_a, glass_columns_b,
          glass_columns_a, minmay_close_crescents, uniq_terence
D:3:      layout_loops_ring
D:4:      layout_basic, serial_shops, shop, kennysheep_opposing_triangles
D:5:      layout_basic, uniq_grinder
D:6:      layout_loops_ring, minmay_temple_entry_gardened_gates,
          uniq_crazy_yiuf_cottage
Temple:   sentei_temple_godly_chess

Skill      XL: |  1  2  3  4  5  6  7 |
---------------+----------------------+-----
Hexes          | 5 |  5.9
Stealth        | 5 6 7 8 |  8.7
Short Blades   | 2 3 4 |  4.8
Fighting       | 1 2 |  2.8
Dodging        | 3 |  3.8
Ice Magic      | 1 |  1.6
Spellcasting   | |  2.8

Action                     |  1- 3 |  4- 6 |  7- 9 || total
---------------------------+-------+-------+-------++-------
  Melee: Dagger            |    86 |    19 |    32 ||   137
         Bite              |    11 |     8 |     6 ||    25
         Short sword       |       |   137 |       ||   137
         Punch             |       |     2 |     1 ||     3
  Throw: Dart              |     1 |       |       ||     1
   Cast: Ensorcelled Hiber |     3 |    11 |       ||    14
    Use: Scroll            |       |     2 |     1 ||     3
   Stab: Sleeping          |    11 |    21 |     3 ||    35
 Armour: Robe              |    14 |    21 |     3 ||    38
  Dodge: Dodged            |    44 |    78 |    18 ||   140

Table legend: (Time is in decaauts)
 A = Elapsed time spent in this place.
 B = Non-inter-level travel time spent in this place.
 C = Inter-level travel time spent in this place.
 D = Time resting spent in this place.
 E = Time spent auto-exploring this place.
 F = Levels seen in this place.
 G = Mean time per level.
                   A        B        C        D        E       F      G
               +--------+--------+--------+--------+--------+-----+--------+
         Total |   5219 |   4837 |    382 |    521 |   3248 |   7 |  745.6 |
       Dungeon |   5158 |   4776 |    382 |    521 |   3248 |   6 |  859.7 |
        Temple |     60 |     60 |      0 |      0 |      0 |   1 |   60.0 |
               +--------+--------+--------+--------+--------+-----+--------+

Top non-repeatable levels by time:
     D:3: 1236 daAuts
     D:2: 1150 daAuts
     D:4: 1107 daAuts
     D:1: 741 daAuts
     D:5: 734 daAuts
     D:6: 189 daAuts
  Temple: 60 daAuts
